 Dungeon Crawl Stone Soup version 0.31.0-12-g77e489cdc1 (webtiles) character file.

Game seed: 9964325257365352021

4 Goblin1989 the Sneak (level 1, 0/18 HPs)
             Began as a Demonspawn Delver on Feb 11, 2024.
             Slain by Eustachio
             ... wielding a +0 rapier
              (5 damage)
             ... on level 4 of the Dungeon.
             The game lasted 00:01:02 (81 turns).

Goblin1989 the Sneak (Demonspawn Delver)              Turns: 81, Time: 00:01:03

Health: 0/18       AC:  3    Str: 12    XL:     1   Next: 50%
Magic:  1/1        EV: 11    Int: 10    God:
Gold:   9          SH:  0    Dex: 14    Spells: 0/0 levels left

rFire   . . .        h - +1 rapier (elec)
rCold   . . .        (no shield)
rNeg    . . .        b - +0 leather armour
rPois   .            (no helmet)
rElec   .            (no cloak)
rCorr   .            (no gloves)
SInv    .            (no boots)
Will    .....        (no amulet)
Stlth   ++           (no ring)
HPRegen 0.23/turn    (no ring)
MPRegen 0.07/turn

%: no passive effects
@: no status effects
A: no striking features
a: no special abilities


You were on level 4 of the Dungeon.
You visited 1 branch of the dungeon, and saw 2 of its levels.

You collected 9 gold pieces.

Inventory:

Hand Weapons
 a - a +0 short sword
 h - a +1 rapier of electrocution (weapon)
Armour
 b - a +0 leather armour (worn)
Wands
 g - a wand of digging (3) {@v3}
Scrolls
 c - a scroll of fog
 d - a scroll of revelation
 e - a scroll of fear
Potions
 f - a potion of haste {@q3,}
 i - 2 potions of mutation {unknown}


   Skills:
 - Level 3.1 Fighting
 + Level 2.0 Short Blades
 - Level 1.7 Dodging
 - Level 4.5 Stealth


You couldn't memorise any spells.
You didn't know any spells.
Your spell library was empty.

Dungeon Overview and Level Annotations

Branches:
Dungeon (5/15) Zot: 11916
 Temple: D:4-7

Altars:

Annotations:
D:4 Eustachio


Message History

The goblin hits you with a +0 dagger.
You take 1 damage, and have 17/18 hp.
You closely miss the goblin.
The goblin is moderately wounded.
The goblin closely misses you.
You puncture the goblin!
You kill the goblin!
You see here a +0 dagger.
Health restored: 18 You see here a +0 dagger.
You now have 9 gold pieces.
i - 2 yellow potions A jackal comes into view.
A jackal comes into view.
The jackal barks!
The jackal bites you but does no damage.
The jackal barks!
You hit the jackal.
The jackal is heavily wounded.
The jackal barely misses you.
You hit the jackal.
You kill the jackal!
Eustachio the Magnificent comes into view.
He is wielding a +0 rapier.
Eustachio shouts!
You see here a jackal corpse.
You barely miss the jackal.
The jackal bites you but does no damage.
Eustachio casts a spell.
Eustachio blinks!
The jackal misses you.
You puncture the jackal! Lightning courses through the jackal!!
You kill the jackal!
Your Short Blades skill increases to level 2!
Eustachio gestures wildly while chanting.
Eustachio blinks!
You see here a jackal corpse.
Eustachio casts a spell.
You see here a jackal corpse.
The river rat bites you.
You take 1 damage, and have 17/18 hp.
You hit the river rat.
The river rat is heavily wounded.
The river rat misses you.
Health restored: 18 You hit the river rat but do no damage.
The river rat is heavily wounded.
Eustachio casts a spell.
The river rat closely misses you.
You closely miss the river rat.
The river rat is heavily wounded.
The river rat closely misses you.
You barely miss the river rat.
The river rat is heavily wounded.
The river rat bites you!
You take 7 damage, and have 11/18 hp.
MASSIVE DAMAGE!!
You hit the river rat but do no damage.
The river rat is heavily wounded.
The river rat barely misses you.
You closely miss the river rat.
The river rat is heavily wounded.
The river rat misses you.
You hit the river rat.
The river rat is severely wounded.
The river rat bites you.
You take 1 damage, and have 11/18 hp.
You hit the river rat.
The river rat is almost dead.
The river rat bites you but does no damage.
You barely miss the river rat.
The river rat is almost dead.
The river rat misses you.
You hit the river rat but do no damage.
The river rat is almost dead.
The river rat bites you.
* * * LOW HITPOINT WARNING * * *
The river rat closely misses you.
You take 6 damage, and have 6/18 hp.
MASSIVE DAMAGE!!
You puncture the river rat!
You kill the river rat!
The river rat's corpse disappears in a puff of smoke!
You puncture the quokka! Lightning courses through the quokka!
You kill the quokka!
The quokka's corpse disappears in a puff of smoke!
You hit Eustachio.
Eustachio is lightly wounded.
Eustachio mumbles some strange words.
Eustachio blinks!
The bat hits you but does no damage.
You see here a jackal corpse.
The bat attacks as it pursues you! The bat barely misses you. x2
Eustachio barely misses you.
You hit Eustachio but do no damage. Lightning courses through Eustachio!
Eustachio is moderately wounded.
The bat hits you but does no damage. Eustachio hits you with a +0 rapier.
* * * LOW HITPOINT WARNING * * *
You take 3 damage, and have 4/18 hp.
You closely miss Eustachio.
Eustachio is moderately wounded.
The bat closely misses you. Eustachio hits you with a +0 rapier.
You die...
Eustachio says, "Such is the fate of all honourless rascals." █. ..██ ..█ ..█ █.█ █5█ █.█ █b█

█@█ █@█
█.██ █..██
██..██
██..█ ██.█
████.█████
█[...>...█


You could see Eustachio, an iron imp (summoned) and a bat (summoned).

Vanquished Creatures
  A goblin (D:4)
  2 jackals (D:4)
3 creatures vanquished.

Notes
Turn   | Place    | Note
-------+----------+-------------------------------------------
     0 | D:5      | Goblin1989 the Demonspawn Delver began the quest for the
                  | Orb.
     0 | D:5      | Reached XP level 1. HP: 18/18 MP: 1/1
    56 | D:4      | Noticed Eustachio
    67 | D:4      | Noticed an iron imp
    81 | D:4      | Slain by Eustachio

Illustrated notes

Levels and vault maps discovered:
D:4:      layout_rooms, nicolae_elevator_lobby_plus, uniq_edmund, uniq_sigmund,
          uniq_eustachio, uniq_blork_the_orc
D:5:      layout_basic, kennysheep_mini_moat, minmay_temple_entry_hall

Skill      XL: |  1 |
---------------+----+-----
Short Blades   | 2 |  2.0
Fighting       | |  3.1
Dodging        | |  1.7
Stealth        | |  4.5

Action                     || total
---------------------------++-------
  Melee: Rapier            ||    22
 Armour: Leather armour    ||    12
  Dodge: Dodged            ||    14
